Cogmind - Beta 12 *** ADVENTURER MODE // 2023.05.21 @ 11:39:03 Player: Puck Result: Self-destructed Performance ------------- Evolutions (1) 500 Regions Visited (4) 800 Robots Destroyed (36) 180 Value Destroyed (795) 795 Prototype IDs (2) 40 Alien Tech Used (0) 0 Bonus (44) 44 TOTAL SCORE: 2359 Bonus ------- High Alert Combat Kills 2 Follower Combat Kills 42 Cogmind --------- Core Integrity 357/400 Matter 249/300 Energy 250/250 System Corruption 0% Temperature Cool (0) Movement Flying (200) Ox2 Location -9/Mines Parts ------- > --- POWER (1) -------- Ion Engine > --- PROPULSION (4) --- Flight Unit > --- UTILITY (2) ------ Improved Heat Sink Small Storage Unit > --- WEAPON (2) ------- Mini Grenade Launcher > --- INVENTORY (8) ---- Small Storage Unit High-capacity Matter Pod (59) Structural Scanner Light Armor Plating Heavy EM Pulse Gun Spread Laser Rocket Launcher Mini Grenade Launcher Peak State ------------ > --- POWER ------------ Cooled Ion Engine > --- PROPULSION ------- Aluminum Leg Aluminum Leg Aluminum Leg Aluminum Leg > --- UTILITY ---------- Improved Heat Sink Small Storage Unit > --- WEAPON ----------- Medium Laser Mini Grenade Launcher > --- INVENTORY -------- Ion Engine Flight Unit Flight Unit Flight Unit High-capacity Matter Pod Structural Scanner Light Armor Plating Mini Grenade Launcher [Rating: 14] Favorites ----------- Power Ion Engine Engine Ion Engine Propulsion Aluminum Leg Leg Aluminum Leg Flight Unit Flight Unit Utility Small Storage Unit Device Improved Heat Sink Storage Small Storage Unit Weapon Medium Laser Energy Gun Medium Laser Energy Cannon Advanced Beam Cannon Ballistic Gun Light Assault Rifle Launcher Mini Grenade Launcher Build | -11 -10 -10 -9 -9 ------- Run | Jun Mat Min Mat Min Slots Evolved 2 | . . . 2 . Power . | . . . . . Propulsion 2 | . . . 2 . Utility . | . . . . . Weapon . | . . . . . Parts Attached 22 | . 10 . 11 1 Power 4 | . 1 . 3 . Engine 4 | . 1 . 3 . Core . | . . . . . Reactor . | . . . . . Propulsion 8 | . 2 . 6 . Treads . | . . . . . Leg 4 | . 2 . 2 . Wheel . | . . . . . Hover . | . . . . . Flight 4 | . . . 4 . Utility 2 | . 2 . . . Device 2 | . 2 . . . Storage . | . . . . . Processor . | . . . . . Hackware . | . . . . . Protection . | . . . . . Artifact . | . . . . . Weapon 8 | . 5 . 2 1 Energy Gun 5 | . 3 . 2 . Energy Cannon 1 | . 1 . . . Ballistic Gun . | . . . . . Ballistic Cannon . | . . . . . Launcher 2 | . 1 . . 1 Special Weapon . | . . . . . Impact Weapon . | . . . . . Slashing Weapon . | . . . . . Piercing Weapon . | . . . . . Special Melee Weapon . | . . . . . Unidentified Prototypes 2 | . 1 . 1 . Parts Lost 4 | . 1 . 1 2 Power 1 | . 1 . . . Propulsion 3 | . . . 1 2 Utility . | . . . . . Weapon . | . . . . . Highest Loss Streak 2 | . 1 . 1 2 To Critical Strikes . | . . . . . Average Slot Usage (%) 94 | . 93 100 83 77 Engine 12 | . 11 14 11 11 Leg 25 | . 28 28 16 . Flight 3 | . . . 14 33 Device 11 | . 10 14 11 11 Storage 13 | . 14 14 11 11 Energy Gun 16 | . 20 14 8 . Energy Cannon 1 | . 2 . . . Ballistic Gun 2 | . 5 . . . Launcher 6 | . . 14 11 11 Naked Turns . | . . . . . Heaviest Build 17 | 11 17 14 14 12 Greatest Support 40 | 20 20 20 40 12 Greatest Overweight (x) 1 | . . . 1 . Average Overweight (x) . | . . . . . Largest Inventory Capacity 8 | . 8 8 8 8 Average Capacity 8 | . 8 8 8 8 Most Carried 8 | . 8 8 8 8 Average Carried 7 | . 6 7 7 7 Final Capacity 8 | 8 8 8 8 8 Final Carried 8 | 6 8 8 8 8 Class Distribution -------------------- 97% | Mutant Dominant Class ---------------- Mutant | -10/Materials Mutant | -10/Mines Mutant | -9/Materials Mutant | -9/Mines Resources | -11 -10 -10 -9 -9 ----------- Run | Jun Mat Min Mat Min Matter Collected 646 | 166 147 147 22 164 Remotely . | . . . . . Salvage Created 898 | . 463 120 302 13 Parts 64 | . 28 11 21 4 Haulers Intercepted 2 | . . . 2 . Recyclers Shooed 4 | . 1 1 2 . Parts Field Recycled . | . . . . . Retrieved Matter . | . . . . . Parts Self-Destructed . | . . . . . Prevented . | . . . . . Kills | -11 -10 -10 -9 -9 ------- Run | Jun Mat Min Mat Min Combat Hostiles Destroyed 27 | . 8 7 8 4 Guns 13 | . 8 2 3 . AOE 14 | . . 5 5 4 Classes Destroyed 9 | . 3 3 3 . Builder 1 | . . . 1 . Tunneler 1 | . . 1 . . Hauler 2 | . . . 2 . Recycler 4 | . 1 2 1 . Watcher 3 | . 3 . . . Swarmer 11 | . . 4 3 4 Grunt 12 | . 8 1 3 . Sentry 2 | . . . 2 . Assembled 2 | . . 2 . . Best Kill Streak 8 | . 2 3 8 4 Combat Bots Only 5 | . 2 2 5 4 Max Kills in Single Turn 4 | . 1 2 2 4 Gunslinging . | . . . . . Exploded 4 | . . 1 1 4 Melee . | . . . . . Uniques/NPCs Destroyed . | . . . . . Combat | -11 -10 -10 -9 -9 -------- Run | Jun Mat Min Mat Min Damage Taken 608 | . 277 106 174 51 Core 135 | . 25 67 38 5 Absorbed by Shields . | . . . . . Core Remaining (%) 81 | 100 . 63 . . Volleys Fired 77 | . 41 14 20 2 Largest 2 | . 2 2 2 1 Hottest 100 | . 100 80 80 30 Shots Fired 132 | . 81 23 26 2 Gun 111 | . 81 14 16 . Cannon . | . . . . . Launcher 21 | . . 9 10 2 Special . | . . . . . Kinetic 28 | . 28 . . . Thermal 83 | . 53 14 16 . Explosive 21 | . . 9 10 2 Electromagnetic . | . . . . . Robot Hit Streak 15 | . 11 7 15 . Robot Miss Streak 3 | . 3 2 1 3 Penetration Max . | . . . . . Secondary Targets . | . . . . . Shots Hit Robots 88 | . 55 14 19 . Core Hits 59 | . 26 14 16 3 Critical Kills . | . . . . . Critical Parts Destroyed . | . . . . . Critical Strikes 7 | . 3 1 3 . Burn 7 | . 3 1 3 . Melee Attacks . | . . . . . Impact . | . . . . . Slashing . | . . . . . Piercing . | . . . . . Sneak Attacks . | . . . . . Combat Hostiles . | . . . . . Follow-up Attacks . | . . . . . Damage Inflicted 2732 | . 580 977 943 232 Guns 864 | . 580 114 170 . Cannons . | . . . . . Explosions 1868 | . . 863 773 232 Melee . | . . . . . Ramming . | . . . . . Kinetic 157 | . 157 . . . Thermal 707 | . 423 114 170 . Explosive 1868 | . . 863 773 232 Electromagnetic . | . . . . . Impact . | . . . . . Slashing . | . . . . . Piercing . | . . . . . Highest Corruption . | . . . . . Average Corruption . | . . . . . Corruption Purged . | . . . . . Corruption Blocked . | . . . . . Overload Shots . | . . . . . Overflow Damage 89 | . . 3 49 37 Projectiles . | . . . . . Explosions 89 | . . 3 49 37 Melee . | . . . . . Knockbacks . | . . . . . Impact . | . . . . . Kinetic . | . . . . . Secondary . | . . . . . Self-Inflicted Damage 52 | . . . . 52 Shots 2 | . . . . 2 Rammed . | . . . . . Targets Rammed . | . . . . . Kicked . | . . . . . Crushed . | . . . . . Highest Temperature 166 | . 166 7 17 . Average Temperature 45 | . 46 7 9 . Received Heat Transfer 333 | . 213 24 96 . Siege Activations . | . . . . . Robots Corrupted . | . . . . . Combat Hostiles . | . . . . . Parts Fried . | . . . . . Impact Corruptions . | . . . . . Robots Melted . | . . . . . Combat Hostiles . | . . . . . Parts Melted 5 | . 5 . . . Heat Transferred 2554 | . 1444 407 703 . Parts Sabotaged . | . . . . . Parts Stolen . | . . . . . Parts Stripped . | . . . . . Power Chain Reactions . | . . . . . Missiles Intercepted . | . . . . . Alert | -11 -10 -10 -9 -9 ------- Run | Jun Mat Min Mat Min Peak Influence 433 | . 164 233 433 248 Initial 147 | . . . 23 147 Average 70 | . 41 80 154 149 Maximum Alert Level 2 | . . 1 2 1 Low Security (%) 96 | . 100 99 69 98 Level 1 2 | . . . 24 1 Level 2 . | . . . 5 . Level 3 . | . . . . . Level 4 . | . . . . . Level 5 . | . . . . . High Security . | . . . . . Max Security . | . . . . . Squads Dispatched 3 | . 2 . 1 . Investigation 2 | . 2 . . . Extermination . | . . . . . Reinforcement 1 | . . . 1 . Assault . | . . . . . Garrison . | . . . . . Intercept . | . . . . . Searches Triggered . | . . . . . Construction Impeded . | . . . . . Haulers Reinforced . | . . . . . Active Scanning Responses . | . . . . . Cargo Convoy Interrupts . | . . . . . Stealth | -11 -10 -10 -9 -9 --------- Run | Jun Mat Min Mat Min Distress Signals 1 | . . . 1 . Communications Jammed . | . . . . . Distress Signals . | . . . . . Times Spotted 44 | . 13 10 17 4 Peak Tracking Total 9 | . 3 3 9 4 Tactical Retreats 4 | . 2 1 1 . Traps | -11 -10 -10 -9 -9 ------- Run | Jun Mat Min Mat Min Traps Triggered 2 | . 2 . . . Indirectly . | . . . . . Trap Hack Attempts . | . . . . . Triggered . | . . . . . Disarmed . | . . . . . Reprogrammed . | . . . . . Reused . | . . . . . Traps Extracted . | . . . . . Installed . | . . . . . Triggered . | . . . . . Machines | -11 -10 -10 -9 -9 ---------- Run | Jun Mat Min Mat Min Machines Disabled 7 | . . . 7 . Max in Single Turn 2 | . . . 2 . Machines Repaired . | . . . . . Machines Sabotaged . | . . . . . Overloaded Fab Kills . | . . . . . Hacking | -11 -10 -10 -9 -9 --------- Run | Jun Mat Min Mat Min Machines Accessed 8 | . 7 . 1 . Terminals 8 | . 7 . 1 . Fabricators . | . . . . . Repair Stations . | . . . . . Recycling Units . | . . . . . Scanalyzers . | . . . . . Garrison Access . | . . . . . Total Hacks 32 | . 27 . 5 . Successful 15 | . 12 . 3 . Failed 17 | . 15 . 2 . Catastrophic 2 | . 2 . . . Database Lockouts . | . . . . . Manual 24 | . 17 . 7 . Terminals 32 | . 27 . 5 . Fabricators . | . . . . . Repair Stations . | . . . . . Recycling Units . | . . . . . Scanalyzers . | . . . . . Garrison Access . | . . . . . Terminal Hacks 14 | . 12 . 2 . Part Schematic 3 | . 3 . . . Robot Analysis 4 | . 2 . 2 . Branch Access Points 1 | . 1 . . . Alert Level 2 | . 2 . . . Unreport Threat 1 | . 1 . . . Locate Traps 1 | . 1 . . . Hauler Manifests 1 | . 1 . . . Registered Prototypes 1 | . 1 . . . Fabricator Hacks . | . . . . . Repair Station Hacks . | . . . . . Recycling Unit Hacks . | . . . . . Scanalyzer . | . . . . . Garrison Access Hacks . | . . . . . Unauthorized Hacks 1 | . . . 1 . Terminals 1 | . . . 1 . Botnet 1 | . . . 1 . Fabricators . | . . . . . Repair Stations . | . . . . . Recycling Units . | . . . . . Scanalyzers . | . . . . . Garrison Access . | . . . . . Data Cores Recovered . | . . . . . Used . | . . . . . Hacking Detections 8 | . 7 . 1 . Full Trace Events 1 | . 1 . . . Feedback Events . | . . . . . Feedback Blocked . | . . . . . Robot Schematics Acquired . | . . . . . Robots Built . | . . . . . Authchips . | . . . . . Time . | . . . . . Total Robot Build Rating . | . . . . . Part Schematics Acquired 3 | . 3 . . . Parts Built . | . . . . . Authchips . | . . . . . Time . | . . . . . Total Part Build Rating . | . . . . . Parts Repaired . | . . . . . Time . | . . . . . Parts Recycled . | . . . . . Recycled Matter . | . . . . . Retrieved Matter . | . . . . . Retrieved Components . | . . . . . Parts Scanalyzed . | . . . . . Part Schematics Acquired . | . . . . . Parts Damaged . | . . . . . Bothacking | -11 -10 -10 -9 -9 ------------ Run | Jun Mat Min Mat Min Used RIF Installer . | . . . . . Robots Hacked . | . . . . . Non-combat . | . . . . . Combat . | . . . . . Robot Hacks Applied . | . . . . . Relay Couplers Released . | . . . . . Fabnet Peak Effective % . | . . . . . Robots Rewired . | . . . . . Allies Hacked . | . . . . . Hacks Repelled . | . . . . . Allies | -11 -10 -10 -9 -9 -------- Run | Jun Mat Min Mat Min Total Allies 1 | . . 1 . . Largest Group 1 | . . 1 . . Highest-Rated Group 31 | . . 31 . . Highest-Rated Ally 31 | . . 31 . . Total Orders . | . . . . . Ally Attacks 7 | . . 7 . . Total Damage 63 | . . 63 . . Kills 2 | . . 2 . . Allies Corrupted . | . . . . . Allies Melted . | . . . . . Intel | -11 -10 -10 -9 -9 ------- Run | Jun Mat Min Mat Min Robot Analysis Total 4 | . 2 . 2 . Derelict Logs Recovered 4 | . . 2 . 2 Drone Launches . | . . . . . Drone Recoveries . | . . . . . Exploration | -11 -10 -10 -9 -9 ------------- Run | Jun Mat Min Mat Min Turns Passed 2144 | . 1125 713 197 109 Spaces Moved 1793 | 1 800 497 201 294 Core . | . . . . . Treads . | . . . . . Legs 1360 | 1 800 497 62 . Wheels . | . . . . . Hover . | . . . . . Flight 433 | . . . 139 294 Fastest Speed 34 | 120 120 120 34 34 Average Speed 99 | 120 120 120 64 34 Slowest Speed 120 | 120 120 120 120 34 Overloaded Moves . | . . . . . Propulsion Burnouts . | . . . . . Robots Hopped 2 | . . . 1 1 Cave-ins Triggered . | . . . . . Exploration Rate (%) 60 | 2 99 87 32 81 Regions Visited 4 Branch Regions 2 Pre-discovered Areas 2 | . . 1 . 1 Known Exits Taken 1 | . 1 . . . Unknown Exits Taken 3 | 1 . 1 1 . Scrap Searched 3 | . . 1 . 2 Spaces Dug . | . . . . . Terrain Destroyed 182 | . . 97 58 27 Melee . | . . . . . Projectile . | . . . . . AOE 182 | . . 97 58 27 Terrain Rammed . | . . . . . Walls Destroyed . | . . . . . Machines Disabled . | . . . . . Actions | -11 -10 -10 -9 -9 --------- Run | Jun Mat Min Mat Min Total 2026 | . 891 592 242 301 Wait 95 | . 18 76 . 1 Move 1785 | . 799 496 198 292 Hop 2 | . . . 1 1 Pick Up 16 | . 10 3 2 1 Fast Attach 10 | . 4 . 5 1 Attach 5 | . . . 5 . Detach 4 | . . . 3 1 Swap 7 | . 6 . 1 . Drop 25 | . 13 3 7 2 Fire 77 | . 41 14 20 2 Melee . | . . . . . Ram . | . . . . . Kick . | . . . . . Crush . | . . . . . Escape Stasis . | . . . . . Rewire . | . . . . . Trap . | . . . . . Miscellaneous . | . . . . . Route ------- -11/Junkyard -10/Materials (discovered 5 exits: *Mat x3 / *Min x2) -10/Mines -9/Materials -9/Mines (discovered 3 exits: [*Mat x2] / [*Exi]) History --------- Turn | Location | Event 1 | -11/Junkyard | Discovered new exit (range 0) 1 | -11/Junkyard | Entered Materials 312 | -10/Materials | Build established: Mutant 317 | -10/Materials | Discovered new exit (range 16) 386 | -10/Materials | Discovered new exit (range 15) 408 | -10/Materials | Discovered new exit (range 13) 477 | -10/Materials | Identified exit to Mines 541 | -10/Materials | Discovered new exit (range 5) 1044 | -10/Materials | Discovered new exit (range 15) 1126 | -10/Materials | Entered Mines 1171 | -10/Mines | Received a Mining Laser from a helpful Derelict 1602 | -10/Mines | Learned Materials terminal intel 1627 | -10/Mines | Assembled infested the area 1827 | -10/Mines | Discovered new exit (range 6) 1839 | -10/Mines | Entered Materials 1839 | -9/Materials | Evolved 2 slots: Propulsion x2 1840 | -9/Materials | Loaded intel: 12 terminal locations 2019 | -9/Materials | Discovered new exit (range 10) 2036 | -9/Materials | Entered Mines 2052 | -9/Mines | Discovered new exit (range 5) 2103 | -9/Mines | Received a Rocket Launcher from a helpful Derelict 2107 | -9/Mines | Deemed a non-threat by the Exiles lab entrance 2107 | -9/Mines | Discovered new exit (range 5) 2121 | -9/Mines | Learned location of Zion (-6) 2127 | -9/Mines | Learned location of 1 exit from Materials 2130 | -9/Mines | Discovered new exit (range 10) 2145 | -9/Mines | Self-destructed Last Messages --------------- World map updated: -6/Zion. 02127_ Acquired derelict log, extracted data. Data stored: Materials exits (x1). 02130_ EXIT=FOUND 02133_ Searching scrap... 02133_ Found Imp. Targeting Computer. 02133_ Found Spread Laser. 02133_ Found Heat Sink. 02133_ Found Med. Storage Unit. 02133_ Found 31 Matter. 02134_ Dropped Med. Laser. 02134_ Acquired Spread Laser. 02135_ Acquired 31 matter. 02141_ Flight Unit destroyed. 02141_ Destroyed Flight Unit. 02141_ Flight Unit destroyed. 02141_ Destroyed Flight Unit. 02143_ S-10 Pest destroyed. 02143_ Destroyed Flight Unit. 02143_ S-10 Pest destroyed. Map ----- +----------------------------------------------------+ | | | | | | | | | | | | | | | | | | | | | | | | | | | | | | | ???????????????????????????????? | | ???????????????????????????????? | | ???????????????????????????????? | | ???????????????????????????????? | | ???????????????????????????????? | | ???????????????????????????????? | | ????????####????????####???????? | | ????????# <#????????# ####???? | | ???????## ##????????# #???? | | ???????# #???? """*# % #???? | | ??????## ##???? """ [%% @ #???? | | ??????# ###??# #???? | | ??????## #??######## #???? | | ???????### ####??????#### #???? | | ########## ##????????# ##???? | | ## * #????????# #????? | | #????????# #????? | | ##### ##???###### #????? | | ????# ##????# #????? | | ????# ###?????# ######????? | | ????## ##???????# #?????????? | | ?????# #????????# #?????????? | | ?????# ##########!###???????? | | ?????# [ ! #???????? | | ?????## ####### !< #??????? | | ??????### #?????## #?????? | | ##??????# #??????## #?????? | | ????## #####???### ##?????? | | ???## #??????###??????? | | # ??## ### #???????????????? | | # ??# #?# ###?????????????? | | # ?## ##?# #?????????????? | | ## ##??### #?????????????? | | ##????# ######????????? | | #???## ##???????? | +----------------------------------------------------+ Best States ------------- Heat Dissipation 42 Energy Generation 10 Energy Capacity 250 Matter Stores 300 Matter Capacity 300 Sight Range 16 Terrain Scan Density 10 Resistance: KI 20 Resistance: TH 20 Resistance: EX 20 Resistance: EM 20 Resistance: I 20 Resistance: S 20 Resistance: P 20 Evasion (%) 63 Offensive Hacking 10 Item Schematics ----------------- Flight Unit | -10/Materials | Hacked Lrg. Storage Unit | -10/Materials | Hacked Hcp. Storage Unit | -10/Materials | Hacked Robot Schematics ------------------ None Fabricated ------------ Nothing Alien Tech Used ----------------- None Achievements -------------- None Challenges ------------ None Game ------ Seed NetworkCoreSaw Manual? 0 Play Time 00:20:59 Cumulative 227.4 hours Start 2023.05.21 @ 11:10:34 End 2023.05.21 @ 11:39:03 Sessions 1 Manual Loads 0 Difficulty Adventurer Special Mode None Game No. 91 Rogue 63 Adventurer 25 Explorer 3 Win Type - Total 10 Types 5/0/1/2/0/0/1/0/1 Lore% 59 Gallery% 78 Achievement% 75 Wizard Run 0 Options --------- ASCII 0 Keyboard 0 Movement Numpad Keybinds 0 Fullscreen 1 Font 24/Proggy Map View 76x50 Tactical HUD 1 Map Filters NONE Filters LOW_CONTRAST(13,24,33) Steam 1 RUN: 6962b00e-0a2c-4d6c-b1b9-4f3173c32988